 Dungeon Crawl Stone Soup version 0.31-a0-220-gc2f4f3cf83 (webtiles) character file.

Game seed: 16020303909546642715

2930 qw the Cleaver (level 9, 0/59 HPs)
             Began as a Gargoyle Fighter on July 3, 2023.
             Was a Follower of Okawaru.
             Slain by a steam dragon (5 damage)
             ... on level 8 of the Dungeon.
             The game lasted 00:02:56 (6776 turns).

qw the Cleaver (Gargoyle Fighter)                   Turns: 6776, Time: 00:02:56

Health: 0/59       AC: 31    Str: 30    XL:     9   Next: 79%
Magic:  7/10       EV:  9    Int:  9    God:    Okawaru [*.....]
Gold:   94         SH:  6    Dex:  6    Spells: 8/8 levels left

rFire   x . .        Y - +0 war axe
rCold   . . .        k - +1 buckler of the Fiddle {rF- rCorr Str+6 Dex-3}
rNeg    + . .        j - +0 plate armour
rPois   inf          (no helmet)
rElec   +            a - +1 cloak
rCorr   +            h - +2 pair of gloves
SInv    +            (no boots)
Will    .....        (no amulet) Stlth
                     t - +4 ring of protection
HPRegen 0.29/turn    m - ring of see invisible
MPRegen 0.12/turn

%: no passive effects
@: about to teleport, heroic
A: sickness immunity, AC +6, negative energy resistance 1, electricity
resistance, torment resistance 1, petrification resistance
a: Renounce Religion, Heroism


You were on level 8 of the Dungeon.
You worshipped Okawaru.
Okawaru was aware of your devotion.
You visited 2 branches of the dungeon, and saw 9 of its levels.

You collected 304 gold pieces.
You spent 210 gold pieces at shops.


Innate Abilities, Weirdness & Mutations

You are immune to sickness and miasma.
Your stone body is resilient. (AC +6)
You are immune to poison.
You resist negative energy. (rN+)
You are resistant to electric shocks. (rElec)
You are resistant to unholy torment.
You are immune to petrification.


   Skills:
 - Level 8.2(13.2) Fighting
 - Level 9.0(14.0) Axes
 - Level 2.1(7.1) Throwing
 + Level 5.4(10.4) Armour
 - Level 1.2(6.2) Dodging
 - Level 4.1(9.1) Shields
 + Level 2.3 Invocations


You had 8 spell levels left.
You didn't know any spells.
Your spell library was empty.

Inventory:

Hand Weapons
 n - a -1 morningstar
 Y - a +0 war axe (weapon)
Missiles
 e - 4 boomerangs
 r - a javelin (quivered)
Armour
 a - a +1 cloak (worn)
 c - a +0 buckler
 h - a +2 pair of gloves (worn)
 j - a +0 plate armour (worn)
 k - the +1 buckler of the Fiddle (worn) {rF- rCorr Str+6 Dex-3}
   (You found it on level 2 of the Dungeon)

   Str:       It affects your strength (+6).
   Dex:       It affects your dexterity (-3).
   rF:        It makes you vulnerable to fire.
   rCorr:     It protects you from acid and corrosion.
Jewellery
 m - a ring of see invisible (right hand)
 q - a ring of fire
 t - a +4 ring of protection (left hand)
Wands
 p - a wand of digging (11)
Scrolls
 g - 4 scrolls of identify
Potions
 d - a potion of might
 i - a potion of attraction
 l - 3 potions of mutation
 o - a potion of magic

Dungeon Overview and Level Annotations

Branches:
Dungeon (8/15)             Temple (1/1) D:5
   Lair: D:8-11

Altars:
Ashenzari
Cheibriados
Dithmenos
Elyvilon
Fedhas
Gozag
Hepliaklqana
Kikubaaqudgha
Makhleb
Nemelex Xobeh
Okawaru
Qazlal
Ru
Trog
Uskayaw
Vehumet
Wu Jian
Xom
Yredelemnul
Zin

Shops:
D:7 =


Message History

You slash the bullfrog!
The bullfrog is moderately wounded.
The bullfrog hits you but does no damage.
A howler monkey comes into view.
You slice the bullfrog!!
You kill the bullfrog!
Okawaru accepts your kill.
Your Invocations skill increases to level 2!
You slash the sleepcap!
The sleepcap is heavily damaged.
The howler monkey hoots and howls with incredible vigour!
You block the sleepcap's attack.
You hear a shout!
You hit the sleepcap.
The sleepcap is severely damaged.
You block the sleepcap's attack.
You slash the sleepcap!
The sleepcap is almost destroyed.
You slice the sleepcap!!
You destroy the sleepcap!
Okawaru accepts your kill. The steam dragon breathes steam at you.
The ball of steam hits you! The steam scalds you terribly!
6774 ||| READING scroll of teleportation.
As you read the scroll of teleportation, it crumbles to dust.
You feel strangely unstable.
You are engulfed in a cloud of scalding steam.
You feel like a meek peon again.
The howler monkey hoots and howls with incredible vigour!
You hear a shout! x2
6775 ||| INVOKING Heroism.
You gain the combat prowess of a mighty hero.
You are engulfed in a cloud of scalding steam.
The steam dragon bites you but does no damage.
The steam dragon claws you.
You hit the steam dragon.
The steam dragon is lightly wounded.
You are engulfed in a cloud of scalding steam.
The steam dragon bites you.
You die...

....#.......###..
...###......# .###
###..#.# . #..#.##
# . . #..#..# .#
..#.....# ..#
.....##..# ...#
.........#####....#
...#.(....hD@.¤.¤?#
..........####...?#
#$######...# ...#
#.### >.# #.. .#
#.. # #.. #...


You could see a steam dragon and a howler monkey.

Vanquished Creatures
  A two-headed ogre (D:8)
  Edmund (D:6)
  A water moccasin (D:7)
  An ice beast (D:7)
  A sky beast (D:7)
  2 orc warriors
  An ogre (D:5)
  3 bullfrogs
  4 scorpions
  5 wights (D:8)
  5 hounds
  A jelly (D:7)
  2 gnoll boudas (D:7)
  4 orc priests
  2 iguanas
  A sleepcap (D:8)
  7 orc wizards
  8 gnolls
  16 adders
  A shadow imp (D:6)
  2 white imps (D:5)
  An ufetubus (D:6)
  A worm (D:2)
  A dart slug (D:3)
  25 orcs
  5 ball pythons
  10 bats
  6 endoplasms
  2 giant cockroaches
  15 goblins
  11 hobgoblins
  3 jackals
  10 kobolds
  2 quokkas
  A frilled lizard (D:1)
  2 rats (D:2)
164 creatures vanquished.

Notes
Turn   | Place    | Note
-------+----------+-------------------------------------------
     0 | D:1      | qw the Gargoyle Fighter began the quest for the Orb.
     0 | D:1      | Reached XP level 1. HP: 14/14 MP: 1/1
     0 | D:1      | 0 ||| qw: Version: 0.3-a-40-ge99b1a8
     0 | D:1      | 0 ||| qw: Game counter: 493
     0 | D:1      | 0 ||| qw: Melee chars always use a shield: true
     0 | D:1      | 0 ||| qw: God list: Okawaru
     0 | D:1      | 0 ||| qw: Allow faded altars: false
     0 | D:1      | 0 ||| qw: Do Orc after clearing Dungeon:15 true
     0 | D:1      | 0 ||| qw: Do second Lair branch before Depths: true
     0 | D:1      | 0 ||| qw: Lair rune preference: random
     0 | D:1      | 0 ||| qw: Goals: Normal, Zot:1-4, Slime:5, God:TSO, Crypt,
                  | Tomb, Abyss, Pan, Hells, Win
     0 | D:1      | 0 ||| PLANNING D:1-11
   104 | D:1      | Reached skill level 2 in Axes
   177 | D:1      | 177 ||| Stepping ~*~*~tactically~*~*~ (hiding).
   183 | D:1      | Reached XP level 2. HP: 19/19 MP: 2/2
   328 | D:1      | 328 ||| Stepping ~*~*~tactically~*~*~ (hiding).
   864 | D:1      | Reached skill level 3 in Axes
   864 | D:1      | Reached XP level 3. HP: 18/23 MP: 3/3
   907 | D:1      | 907 ||| DROPPING +0 club.
  1195 | D:1      | 1195 ||| UPGRADING to +0 pair of gloves.
  1200 | D:1      | 1200 ||| READING 2 scrolls labelled EPIAFU LAAHOEFFU.
  1201 | D:1      | 1201 ||| READING scroll labelled QIGEAS IMUICINN.
  1202 | D:1      | 1202 ||| READING 2 scrolls labelled UDOIGIDURI.
  1203 | D:1      | 1203 ||| READING scroll labelled CYTSAB RACRE.
  1204 | D:1      | 1204 ||| READING scroll labelled VOTHRI OZEMNUDA.
  1205 | D:1      | 1205 ||| READING scroll labelled VEMORU TUKHLU.
  1206 | D:1      | 1206 ||| DROPPING scroll of vulnerability.
  1267 | D:2      | Found a hazy altar of Hepliaklqana.
  1291 | D:2      | Reached skill level 1 in Throwing
  1297 | D:2      | 1297 ||| Stepping ~*~*~tactically~*~*~ (stealth).
  1310 | D:2      | Reached XP level 4. HP: 28/28 MP: 4/4
  1377 | D:2      | Identified the +1 buckler of the Fiddle {rF- rCorr Str+6
                  | Dex-3}
  1383 | D:2      | 1383 ||| READING 3 scrolls of enchant armour.
  1383 | D:2      | 1383 ||| ENCHANTING +0 pair of gloves.
  1384 | D:2      | 1384 ||| READING 2 scrolls of enchant armour.
  1384 | D:2      | 1384 ||| ENCHANTING +1 pair of gloves.
  1414 | D:2      | 1414 ||| Stepping ~*~*~tactically~*~*~ (stealth).
  1649 | D:2      | 1649 ||| Stepping ~*~*~tactically~*~*~ (stealth).
  1656 | D:2      | Reached skill level 4 in Axes
  1881 | D:2      | 1881 ||| UPGRADING to +1 buckler of the Fiddle {rF- rCorr
                  | Str+6 Dex-3}.
  1891 | D:2      | 1891 ||| UPGRADING to +4 ring of protection.
  1892 | D:2      | 1892 ||| READING scroll labelled CORAUTS GUTAL.
  1893 | D:2      | 1893 ||| READING scroll labelled KECON WI YSTO.
  1896 | D:2      | 1896 ||| READING scroll labelled ASEMUFECAEM.
  1897 | D:2      | 1897 ||| DRINKING 2 fuming grey potions.
  1898 | D:2      | 1898 ||| READING 3 scrolls of identify.
  1898 | D:2      | 1898 ||| IDENTIFYING viscous white potion
  1899 | D:2      | 1899 ||| READING 2 scrolls of identify.
  1899 | D:2      | 1899 ||| IDENTIFYING clear potion
  1900 | D:2      | 1900 ||| DROPPING potion of invisibility.
  1943 | D:3      | Reached XP level 5. HP: 32/32 MP: 5/5
  2364 | D:3      | 2364 ||| Stepping ~*~*~tactically~*~*~ (stealth).
  2514 | D:3      | 2514 ||| Stepping ~*~*~tactically~*~*~ (hiding).
  2534 | D:3      | Reached skill level 5 in Axes
  2566 | D:3      | 2566 ||| READING scroll labelled AMUT JIOVAJ.
  2567 | D:3      | 2567 ||| DRINKING 2 puce potions.
  2568 | D:3      | 2568 ||| READING 4 scrolls of identify.
  2568 | D:3      | 2568 ||| IDENTIFYING blue potion
  2569 | D:3      | 2569 ||| READING 3 scrolls of identify.
  2569 | D:3      | 2569 ||| IDENTIFYING red potion
  2570 | D:3      | 2570 ||| DROPPING potion of degeneration.
  2571 | D:3      | 2571 ||| DROPPING potion of brilliance.
  2692 | D:4      | Reached XP level 6. HP: 38/38 MP: 6/6
  2695 | D:4      | 2695 ||| Stepping ~*~*~tactically~*~*~ (stealth).
  2916 | D:4      | 2916 ||| Stepping ~*~*~tactically~*~*~ (stealth).
  3263 | D:4      | Found a blossoming altar of Fedhas.
  3284 | D:4      | 3284 ||| UPGRADING to +0 cloak.
  3289 | D:4      | 3289 ||| UPGRADING to +0 chain mail.
  3299 | D:4      | 3299 ||| DROPPING +0 scale mail.
  3300 | D:4      | 3300 ||| READING scroll of enchant armour.
  3300 | D:4      | 3300 ||| ENCHANTING +0 cloak.
  3303 | D:5      | Entered Level 5 of the Dungeon
  3363 | D:5      | 3363 ||| Stepping ~*~*~tactically~*~*~ (stealth).
  3394 | D:5      | Reached skill level 6 in Axes
  3394 | D:5      | Reached XP level 7. HP: 19/43 MP: 7/7
  3507 | D:5      | Found a hazy altar of Hepliaklqana.
  3537 | D:5      | Found a burning altar of Makhleb.
  3797 | D:5      | 3797 ||| Stepping ~*~*~tactically~*~*~ (hiding).
  3807 | D:5      | Reached skill level 7 in Axes
  3911 | D:5      | Found a staircase to the Ecumenical Temple.
  3912 | D:5      | 3912 ||| PLANNING TEMPLE
  3946 | D:5      | 3946 ||| DROPPING scarf of harm.
  3947 | D:5      | 3947 ||| DROPPING ring of magical power.
  4021 | D:6      | 4021 ||| STAIRDANCE
  4028 | Temple   | Entered the Ecumenical Temple
  4084 | Temple   | 4084 ||| PLANNING OKAWARU WORSHIP
  4214 | Temple   | Became a worshipper of Warmaster Okawaru
  4215 | Temple   | 4215 ||| PLANNING D:1-11
  4405 | D:6      | 4405 ||| Stepping ~*~*~tactically~*~*~ (stealth).
  4406 | D:6      | 4406 ||| Stepping ~*~*~tactically~*~*~ (stealth).
  4410 | D:6      | 4410 ||| Stepping ~*~*~tactically~*~*~ (stealth).
  4421 | D:6      | Reached XP level 8. HP: 41/49 MP: 8/8
  4701 | D:6      | Noticed Edmund
  4722 | D:6      | Killed Edmund
  5187 | D:6      | 5187 ||| READING scroll labelled LIEMYN KIAKH.
  5188 | D:6      | 5188 ||| READING scroll labelled FIKHLYGACWU.
  5289 | D:6      | 5289 ||| READING 5 scrolls of identify.
  5289 | D:6      | 5289 ||| IDENTIFYING emerald potion
  5290 | D:6      | 5290 ||| DROPPING potion of ambrosia.
  5318 | D:7      | Found a bloodstained altar of Trog.
  5324 | D:7      | Reached * piety under Okawaru
  5325 | D:7      | 5325 ||| INVOKING Heroism.
  5331 | D:7      | HP: 8/49 [orc wizard/magic dart (6)]
  5332 | D:7      | 5332 ||| READING 3 scrolls of teleportation.
  5337 | D:7      | 5337 ||| READING 2 scrolls of teleportation.
  5338 | D:7      | HP: 7/49 [water moccasin (3)]
  5489 | D:7      | Reached skill level 8 in Axes
  5544 | D:7      | 5544 ||| INVOKING Heroism.
  5653 | D:7      | Reached skill level 6 in Fighting
  5663 | D:7      | Reached skill level 1 in Invocations
  5684 | D:7      | 5684 ||| DROPPING +0 flail.
  5803 | D:7      | 5803 ||| Stepping ~*~*~tactically~*~*~ (hiding).
  5805 | D:7      | 5805 ||| Stepping ~*~*~tactically~*~*~ (hiding).
  5808 | D:7      | 5808 ||| INVOKING Heroism.
  5813 | D:7      | Reached skill level 1 in Dodging
  5818 | D:7      | Reached XP level 9. HP: 55/55 MP: 7/10
  5939 | D:7      | Identified the +0 leather armour of the Bells {-Tele Str-5
                  | Int+5}
  6009 | D:7      | 6009 ||| INVOKING Heroism.
  6054 | D:7      | Found Bishaywo's Jewellery Shoppe.
  6063 | D:7      | 6063 ||| SHOPLISTING +4 ring of protection (504 gold, have
                  | 289).
  6063 | D:7      | 6063 ||| SHOPLISTING +6 ring of dexterity (504 gold, have
                  | 289).
  6063 | D:7      | 6063 ||| SHOPLISTING amulet of faith (560 gold, have 289).
  6063 | D:7      | 6063 ||| SHOPLISTING amulet of regeneration (420 gold, have
                  | 289).
  6063 | D:7      | 6063 ||| SHOPLISTING ring of Keihix {Fire Int+5} (595 gold,
                  | have 289).
  6063 | D:7      | 6063 ||| BUYING ring of see invisible (210 gold).
  6063 | D:7      | Bought a ring of see invisible for 210 gold pieces
  6532 | D:7      | Found a broken altar of Ashenzari.
  6535 | D:7      | 6535 ||| UPGRADING to +0 plate armour.
  6545 | D:7      | 6545 ||| DROPPING +0 chain mail.
  6546 | D:7      | 6546 ||| UPGRADING to ring of see invisible.
  6547 | D:7      | 6547 ||| READING 4 scrolls of identify.
  6547 | D:7      | 6547 ||| IDENTIFYING cyan potion
  6548 | D:7      | 6548 ||| DROPPING potion of berserk rage.
  6592 | D:8      | 6592 ||| INVOKING Heroism.
  6595 | D:8      | Reached skill level 9 in Axes
  6749 | D:8      | Noticed a two-headed ogre
  6761 | D:8      | Killed a two-headed ogre
  6762 | D:8      | 6762 ||| INVOKING Heroism.
  6773 | D:8      | HP: 7/59 [steam dragon/ball of steam (15)]
  6774 | D:8      | 6774 ||| READING scroll of teleportation.
  6775 | D:8      | 6775 ||| INVOKING Heroism.
  6776 | D:8      | Slain by a steam dragon

Levels and vault maps discovered:
D:1:      onia_arrival_handbag, layout_basic, serial_curves, eino_curves_02,
          eino_curves_03, eino_curves_01, minmay_tromino_i4
D:2:      cheibrodos_greedy_goblins, layout_rooms, basic_altar
D:3:      layout_basic
D:4:      layout_cave_pools, fedhas_altar_fruit_tree
D:5:      layout_loops_ring, mainiacjoe_overflow_alcove_1,
          mainiacjoe_overflow_six_doors_small, minmay_temple_entry_from_below_a,
          st_stairs_6
D:6:      layout_loops_corners, uniq_edmund
D:7:      old_forge, layout_cave_pods, overflow_temple_1_default,
          lemuel_tele_altar, serial_shops, shop
D:8:      layout_rooms, tso_oasis_becter, minmay_curled_crystal
Temple:   bh_familiar_temple

Skill      XL: |  1  2  3  4  5  6  7  8  9 |
---------------+----------------------------+-----
Axes           | 2 3 4 5 6 7 8 9 |  9.0
Throwing       | 1 2 |  2.1
Fighting       | 4 5 6 8 |  8.2
Armour         | 4 5 |  5.4
Invocations    | 1 2 |  2.3
Dodging        | 1 |  1.2
Shields        | 4 |  4.1

Action                     |  1- 3 |  4- 6 |  7- 9 || total
---------------------------+-------+-------+-------++-------
  Melee: War axe           |    55 |   226 |   229 ||   510
  Throw: Javelin           |    11 |    29 |    38 ||    78
         Boomerang         |       |     6 |     2 ||     8
 Invoke: Heroism           |       |       |     7 ||     7
    Use: Scroll            |     6 |    11 |     7 ||    24
         Potion            |       |     2 |       ||     2
 Armour: Scale mail        |    29 |   171 |       ||   200
         Chain mail        |       |     5 |   139 ||   144
         Plate armour      |       |       |    26 ||    26
  Dodge: Dodged            |    24 |   126 |    82 ||   232
  Block: Buckler           |     4 |    63 |    61 ||   128

Table legend:
 A = Non-vault XP
 B = Vault XP
 C = Vault XP percentage of total XP
 D = Non-vault monster count
 E = Vault monster count
 F = Vault count percentage of total count
                 A         B        C        D         E       F
            +---------+---------+-------+---------+---------+-------
      Total |    3735 |     451 |  10.8 |     132 |      32 |  19.5
            +---------+---------+-------+---------+---------+-------
        D:1 |      36 |      14 |  28.0 |      13 |       7 |  35.0
        D:2 |      92 |      22 |  19.3 |      19 |      11 |  36.7
        D:3 |     121 |       0 |   0.0 |      20 |       0 |   0.0
        D:4 |     176 |       0 |   0.0 |      20 |       0 |   0.0
        D:5 |     440 |      54 |  10.9 |       9 |       2 |  18.2
        D:6 |     370 |     166 |  31.0 |      12 |       1 |   7.7
        D:7 |     969 |     195 |  16.8 |      25 |      11 |  30.6
        D:8 |    1531 |       0 |   0.0 |      14 |       0 |   0.0
            +---------+---------+-------+---------+---------+-------
